 Dungeon Crawl Stone Soup version 0.15-a0-1646-g393eda0 (console) character file.

88 cocytus the Chopper (level 4, -5/37 HPs)
             Began as a Hill Orc Gladiator on June 22, 2014.
             Slain by an orc priest
             ... wielding a +0 trident
              (6 damage)
             ... on Level 4 of the Dungeon.
             The game lasted 00:04:46 (972 turns).

cocytus the Chopper (Hill Orc Gladiator)             Turns: 972, Time: 00:04:46

HP  -5/37        AC  8     Str 18      XL: 4   Next: 53%
MP   4/4         EV  7     Int  8      God:
Gold 99          SH  3     Dex 11      Spells:  0 memorised,  3 levels left

rFire  . . .     SeeInvis .     a - +0 war axe
rCold  . . .     Clarity  +     k - +0 scale mail
rNeg   . . .     rCorr    .     l - +0 buckler
rPois  +         rRot     .     c - +1 helmet
rElec  .         Spirit   .     (no cloak)
SustAb .         Warding  .     (no gloves)
rMut   .         Stasis   .     (no boots)
Gourm  .                        j - cursed amulet of clarity
MR     .....                    (no ring)
                                g - ring of poison resistance

@: not resistant to hostile enchantments, extremely unstealthy
A: no striking features
a: Convert to Beogh


You were on level 4 of the Dungeon.
You were hungry.

You visited 1 branch of the dungeon, and saw 4 of its levels.

You collected 99 gold pieces.

Inventory:

Hand weapons
 a - a +0 war axe (weapon)
Missiles
 d - 3 throwing nets (quivered)
Armour
 b - a +0 leather armour
 c - a +1 helmet (worn)
 e - a +1 leather armour
 k - a +0 scale mail (worn)
 l - a +0 buckler (worn)
Comestibles
 f - a meat ration
 p - a royal jelly
Scrolls
 h - 4 scrolls of identify
 i - a scroll of enchant weapon
 m - a scroll of immolation
 n - a scroll of magic mapping
Jewellery
 g - a ring of poison resistance (left hand)
 j - a cursed amulet of clarity (around neck)


   Skills:
 - Level 2.4 Fighting
 + Level 6.8 Axes
 - Level 2.0 Throwing
 - Level 2.4 Dodging


You had 3 spell levels left.
You didn't know any spells.

Dungeon Overview and Level Annotations

Branches:
Dungeon (4/15)
 Temple: D:4-7

Altars:
Qazlal
Vehumet

Annotations:
D:3 letownia's ghost, average KoBe
D:4 Prince Ribbit


Message History

The orc priest is moderately wounded.
The orc priest hits you.
The orc priest calls down the wrath of Beogh upon you.
Pain shoots through your body!
You closely miss the orc priest.
The orc priest is moderately wounded.
The orc priest hits you but does no damage.
The orc priest calls down the wrath of Beogh upon you.
Something smites you!
* * * LOW HITPOINT WARNING * * *
The orc priest shouts, "Join the one true god or die!"
You hit the orc priest.
The orc priest threatens, "By the altar or by the axe, you will meet Beogh!"
The orc priest is severely wounded.
The orc priest mumbles some strange prayers to Beogh against you.
Pain shoots through your body!
* * * LOW HITPOINT WARNING * * *
The orc priest threatens, "By the altar or by the axe, you will meet Beogh!"
The orc priest hits you with a trident.
You die...

### ....##########
#.....o....###
#..#..####<..#####
.........##o@o......#
###.....##.#.#.#.###
#...o.##.#.#.#.#
#......##.#.#.#.#
#?.....##.#.#.#.#
......##.#.#.#.#
o.(.o##.#.#...#
o....#.##### ##.#


You could see 2 orc priests.

Vanquished Creatures
  4 adders (D:2)
  A shadow imp (D:3)
  A worm (D:2)
  2 giant geckos
  2 orcs
  A giant cockroach (D:2)
  3 quokkas
  4 bats
  3 giant newts (D:3)
  4 goblins
  7 jackals
  3 kobolds
  2 rats (D:3)
37 creatures vanquished.

Notes
Turn   | Place    | Note
--------------------------------------------------------------
     0 | D:1      | cocytus, the Hill Orc Gladiator, began the quest for the Orb.
     0 | D:1      | Reached XP level 1. HP: 18/18 MP: 1/1
   146 | D:2      | Reached XP level 2. HP: 13/25 MP: 2/2
   192 | D:2      | Found a radiant altar of Vehumet.
   200 | D:2      | Reached skill level 5 in Axes
   215 | D:2      | HP: 1/25 [quokka (5)]
   281 | D:2      | Reached XP level 3. HP: 30/30 MP: 3/3
   315 | D:2      | Reached skill level 6 in Axes
   339 | D:2      | Reached XP level 4. HP: 7/37 MP: 4/4
   589 | D:4      | Noticed Prince Ribbit
   751 | D:3      | Noticed letownia's ghost (average KoBe)
   808 | D:3      | Noticed a water elemental
   810 | D:3      | Found a stormy altar of Qazlal.
   811 | D:3      | Noticed an air elemental
   811 | D:3      | Noticed an earth elemental
   811 | D:3      | Noticed a fire elemental
   972 | D:4      | HP: 1/37 [orc priest/nerve-wracking pain (7)]
   972 | D:4      | Slain by an orc priest

Action                   |  1- 3 |  4- 6 || total
-------------------------+-------+-------++-------
Melee: War axe           |    56 |    63 ||   119
Throw: Throwing net      |     7 |     2 ||     9
  Use: Potion            |     5 |     2 ||     7
       Scroll            |       |     4 ||     4
 Stab: Held in net/web   |     2 |       ||     2
